 Dungeon Crawl Stone Soup version 0.24.0-123-gd5b16e6ec5 (webtiles) character file.

Game seed: 1087827346571827412, levelgen mode: deterministic

515 Norian the Magician (level 7, -3/36 HPs)
             Began as a Deep Elf Conjurer on Dec 18, 2019.
             Slain by a hippogriff (8 damage)
             ... on level 2 of the Dungeon.
             The game lasted 00:10:39 (4128 turns).

Norian the Magician (Deep Elf Conjurer)             Turns: 4128, Time: 00:10:40

Health: -3/36      AC:  5    Str:  7    XL:     7   Next: 0%
Magic:  11/19      EV: 13    Int: 20    God:
Gold:   206        SH:  0    Dex: 15    Spells: 10/19 levels left

rFire    . . .     SeeInvis .   i - +0 short sword
rCold    . . .     Gourm    .   (no shield)
rNeg     . . .     Faith    .   a - +0 robe
rPois    .         Spirit   .   k - +2 hat
rElec    .         Reflect  .   (no cloak)
rCorr    .         Harm     .   (no gloves)
MR       .....                  s - +0 pair of boots
Stlth    ++........             (no amulet)
HPRegen  0.12/turn              (no ring)
MPRegen  0.16/turn              (no ring)

@: no status effects
A: no striking features
a: no special abilities


You were on level 2 of the Dungeon.
You were not hungry.

You visited 2 branches of the dungeon, and saw 5 of its levels.

You collected 206 gold pieces.

Inventory:

Hand Weapons
 i - a +0 short sword (weapon)
Armour
 a - a +0 robe (worn)
 k - a +2 hat (worn)
 s - a +0 pair of boots (worn)
Jewellery
 p - a +3 ring of intelligence {unknown}
Scrolls
 b - a scroll of fear {unknown}
 f - 2 scrolls of teleportation {unknown}
 g - 2 scrolls of magic mapping {unknown}
 h - 8 scrolls of remove curse {unknown}
 l - 7 scrolls of identify {unknown}
 n - a scroll of immolation {unknown}
 q - a scroll of blinking {unknown}
Potions
 d - a potion of brilliance {unknown}
 e - a potion of resistance {unknown}
 j - 2 potions of curing {unknown}
 m - a potion of cancellation {unknown}
 o - a potion of heal wounds
 r - 3 potions of berserk rage {unknown}
Comestibles
 c - 4 rations


   Skills:
 - Level 2.4 Dodging
 - Level 2.4 Stealth
 + Level 6.8 Spellcasting
 + Level 6.8 Conjurations
 + Level 3.7 Hexes


You had 10 spell levels left.
You knew the following spells:

 Your Spells              Type           Power        Failure   Level  Hunger
a - Magic Dart            Conj           ####         1%          1    None
b - Iskenderun's Mystic   Conj           ####....     5%          4    ###....
c - Fulminant Prism       Conj/Hex       ####......   11%         4    ###....

Your spell library contained the following spells:

 Spells                   Type           Power        Failure   Level  Hunger
 Searing Ray              Conj           ####..       1%          2    None
 Dazzling Spray           Conj/Hex       ####..       3%          3    #......
 Force Lance              Conj/Tloc      ###.....     24%         4    ###....


Dungeon Overview and Level Annotations

Branches:
Dungeon (4/15)             Temple (1/1) D:4

Altars:
Ashenzari
Cheibriados
Dithmenos
Elyvilon
Fedhas
Gozag
Hepliaklqana
Kikubaaqudgha
Makhleb
Nemelex Xobeh
Okawaru
Qazlal
Ru
Sif Muna
Trog
Uskayaw
Vehumet
Wu Jian
Xom
Yredelemnul
Zin
The Shining One

Annotations:
D:2 1 transporter


Message History

A fulminant prism comes into view.
The hippogriff bites you. The hippogriff pecks you!
The hippogriff claws you but does no damage.
The scorpion stings you. The kobold hits your fulminant prism.
The scorpion stings your fulminant prism.
The kobold hits your fulminant prism.
Your fulminant prism detonates feebly.
Casting: Fulminant Prism (safe; 11% risk of failure)
Confirm with . or Enter, or press ? or * to list all spells.
Aiming: Fulminant Prism (safe; 11% risk of failure)
Press: ? - help, Dir - move target cursor You conjure a prism of explosive energy!
A fulminant prism comes into view.
The hippogriff misses you. The hippogriff pecks you!
* * * LOW HITPOINT WARNING * * *
The hippogriff barely misses you. The ogre closely misses you.
The hippogriff bites you.
* * * LOW HITPOINT WARNING * * *
The hippogriff pecks you!
You die...

#...####...................######
#..### ##...#########..#.#.#
.....#####.##...©...##.#.#.# ###
#.##...# #.#8.#...#.8#.#.#.# #..
#......###.#$?.#.#...#.....# #.#
####...##..#_$...?...#...### #.#
####..##..©#.$..*O©..#©..# #..
......##...#_$...Hs..#...# ###
#####.##...#$!.#@#...#...#
#[>÷...#8.#..K#.8#...#
######.##.......##...#
#..#########....#
##...........#.## ##.##.#######.#
#.##.#######.# #.##.........# ###
#.############


You could see a hippogriff, an ogre, a scorpion, a kobold and a friendly
fulminant prism.

Vanquished Creatures
  An ogre (D:4)
  2 hounds
  An orc priest (D:4)
  3 orc wizards (D:4)
  An iguana (D:4)
  A worker ant (D:4)
  9 adders
  An adder skeleton (D:4)
  5 worms
  5 dart slugs
  2 leopard geckos
  8 orcs
  2 ball pythons (D:2)
  11 goblins
  10 hobgoblins
  10 jackals
  3 quokkas
  6 bats
  4 frilled lizards
  12 kobolds
  12 rats
109 creatures vanquished.

Vanquished Creatures (others)
  4 fulminant prisms
4 creatures vanquished.

Grand Total: 113 creatures vanquished

Notes
Turn   | Place    | Note
-------+----------+-------------------------------------------
     0 | D:1      | Norian the Deep Elf Conjurer began the quest for the Orb.
     0 | D:1      | Reached XP level 1. HP: 10/10 MP: 6/6
   229 | D:1      | Reached XP level 2. HP: 14/15 MP: 3/8
   812 | D:2      | Found a transporter.
   812 | D:2      | Found a radiant altar of Vehumet.
   812 | D:2      | Noticed a hippogriff
   813 | D:2      | Noticed an ogre
   818 | D:2      | Noticed a scorpion
   820 | D:2      | Found a transporter.
   822 | D:2      | Found a shadowy altar of Dithmenos.
   909 | D:2      | Reached skill level 5 in Conjurations
   909 | D:2      | Reached XP level 3. HP: 19/19 MP: 5/10
  1362 | D:2      | Reached skill level 5 in Spellcasting
  1362 | D:2      | Reached XP level 4. HP: 22/24 MP: 5/13
  1680 | D:2      | Learned a level 4 spell: Iskenderun's Mystic Blast
  1690 | D:2      | Learned a level 4 spell: Fulminant Prism
  1801 | D:2      | Found a faded altar of an unknown god.
  1970 | D:2      | Reached XP level 5. HP: 26/28 MP: 2/14
  2684 | D:3      | Reached skill level 1 in Hexes
  2987 | D:4      | Noticed an ogre
  2993 | D:4      | Killed an ogre
  2993 | D:4      | Reached XP level 6. HP: 32/32 MP: 0/17
  3558 | D:4      | Reached XP level 7. HP: 36/36 MP: 6/19
  3603 | D:4      | Found a staircase to the Ecumenical Temple.
  3614 | Temple   | Entered the Ecumenical Temple
  4128 | D:2      | Slain by a hippogriff

Levels and vault maps discovered:
D:1:      lemuel_arrival_lava_pool, layout_loops_corners
D:2:      minmay_diamond_boxcup, layout_loops_corners,
          gammafunk_temple_overflow_arena, chequers_ecumenical_altar_grove,
          minmay_vboxes
D:3:      minmay_spotlight, layout_loops_cross
D:4:      layout_cave_pools, minmay_temple_entry_drinking_statues
Temple:   regret_index_temple_chain_breaker

Skill      XL: |  1  2  3  4  5  6 |
---------------+-------------------+-----
Spellcasting   | 4 5 6 |  6.8
Conjurations   | 5 6 |  6.8
Hexes          | 2 3 |  3.7
Dodging        | |  2.4
Stealth        | |  2.4

Action                   |  1- 3 |  4- 6 |  7- 9 || total
-------------------------+-------+-------+-------++-------
Melee: Short sword       |       |    34 |       ||    34
 Cast: Magic Dart        |    81 |   163 |     1 ||   245
       Iskenderun's Myst |       |     7 |       ||     7
       Fulminant Prism   |       |     3 |     2 ||     5
  Use: Potion            |       |     4 |       ||     4
  Eat: Chunk             |     1 |     5 |       ||     6
       Ration            |       |     1 |     1 ||     2
Armor: Robe              |       |    15 |     1 ||    16
       Skin              |       |    22 |       ||    22
Dodge: Dodged            |     7 |    63 |     3 ||    73
